[Event "Team 45 45 League T38"]
[Site "Internet Chess Club"]
[Date "2008.08.28"]
[Round "6"]
[White "Sleete"]
[Black "superbeast"]
[Result "1/2-1/2"]
[WhiteElo "2152"]
[BlackElo "1850"]
[Opening "Sicilian defense"]
[ECO "B30"]
[Time "17:00:19"]
[TimeControl "2700+45"]

1. e4 c5 2. Nf3 Nc6 3. Nc3 e5 4. Bc4 Be7 5. Nd5 d6 6. d3 Nf6 7. O-O O-O 8. c3
Nxd5 9. Bxd5 Bf6 10. Be3 Ne7 11. Bb3 Be6 12. Bxe6 fxe6 13. d4 exd4 14. cxd4 cxd4
15. Bxd4 Nc6 16. Bxf6 Rxf6 17. Rc1 d5 18. exd5 Qxd5 19. Qxd5 exd5 {Game drawn by
mutual agreement} 1/2-1/2

[Event "Team 45 45 League T38"]
[Site "Internet Chess Club"]
[Date "2008.08.30"]
[Round "6"]
[White "AntonioMendonca"]
[Black "rayonline53"]
[Result "0-1"]
[WhiteElo "1707"]
[BlackElo "1638"]
[Opening "Scotch game"]
[ECO "C45"]
[Time "16:03:33"]
[TimeControl "2700+45"]

1. e4 e5 2. Nf3 Nc6 3. d4 exd4 4. Nxd4 d6 5. Nxc6 bxc6 6. Be2 Nf6 7. Nd2 g6 8.
b3 Bg7 9. Bb2 O-O 10. O-O Re8 11. Bd3 Bb7 12. Re1 Qd7 13. Qf3 Nxe4 14. Nxe4 Bxb2
15. Nf6+ Bxf6 16. Qxf6 Rxe1+ 17. Rxe1 Re8 18. Kf1 Rxe1+ 19. Kxe1 Qe6+ 20. Qxe6
fxe6 21. Kd2 Kf7 22. Ke3 Kf6 23. h4 d5 24. c4 c5 25. cxd5 exd5 26. g3 h6 27. Kf4
g5+ 28. hxg5+ hxg5+ 29. Kg4 Bc8+ 30. Kf3 Bf5 31. Ke3 Bxd3 32. Kxd3 g4 33. a4 Ke5
34. Ke3 c4 35. b4 d4+ 36. Kd2 Ke4 37. b5 Kf3 {White resigns} 0-1

[Event "Team 45 45 League T38"]
[Site "Internet Chess Club"]
[Date "2008.08.31"]
[Round "6"]
[White "vaknight"]
[Black "allanchs"]
[Result "1/2-1/2"]
[WhiteElo "1578"]
[BlackElo "1556"]
[Opening "Bird's opening"]
[ECO "A03"]
[Time "14:00:04"]
[TimeControl "2700+45"]

1. f4 d5 2. Nf3 c5 3. b3 Nf6 4. Bb2 e6 5. e3 Be7 6. Be2 Nc6 7. O-O a6 8. a3 b5
9. d3 Bb7 10. Qe1 O-O 11. Nbd2 Qb6 12. Ne5 Rad8 13. Qg3 d4 14. Nxc6 Qxc6 15. e4
Rfe8 16. Rae1 Bf8 17. Nf3 g6 18. Ne5 Qc7 19. Bc1 Bg7 20. Bd2 Nd7 21. Nxd7 Qxd7
22. e5 Qc7 23. Bf3 Bc6 24. Bxc6 Qxc6 25. Ba5 Rc8 26. Qf3 Qxf3 27. Rxf3 Rc6 28.
Rf2 Rec8 29. Rfe2 c4 30. Re4 h5 31. bxc4 bxc4 32. Rxd4 cxd3 33. cxd3 Bf8 34. Bb4
Bxb4 35. Rxb4 Rc3 36. Ra4 Rxd3 37. Rxa6 Rc2 38. Rd6 Rxa3 39. g3 Raa2 40. Rd3
Rg2+ 41. Kh1 Rxh2+ 42. Kg1 Rhg2+ {Game drawn by mutual agreement} 1/2-1/2

[Event "Team 45 45 League T38"]
[Site "Internet Chess Club"]
[Date "2008.08.28"]
[Round "6"]
[White "f5"]
[Black "NFork"]
[Result "0-1"]
[WhiteElo "2124"]
[BlackElo "2191"]
[Opening "English: symmetrical, Benoni formation"]
[ECO "A32"]
[Time "14:01:43"]
[TimeControl "2700+45"]

1. d4 Nf6 2. c4 c5 3. Nf3 e6 4. Nc3 cxd4 5. Nxd4 a6 6. e4 Qc7 7. Nc2 b6 8. f4
Bb7 9. Qf3 d6 10. Bd3 Nbd7 11. Ne3 Nc5 12. Bc2 Nfxe4 13. Nxe4 f5 14. Nxc5 Bxf3
15. Nxe6 Qe7 16. Bxf5 g6 17. Bh3 Qh4+ 18. Kf1 Ra7 19. Ng5 Ba8 20. Nd5 Bxd5 21.
cxd5 Re7 22. Bd2 Bg7 23. g3 Qh5 24. Be6 Rxe6 25. dxe6 h6 26. g4 Qxg4 27. Rg1 Qh5
28. Ne4 Qf3+ 29. Nf2 Bd4 30. Be1 Qxf4 31. Rg4 Qf6 32. Rd1 Bxf2 33. Bxf2 O-O 34.
Rd2 Qxe6 35. Rg3 Kh7 36. Kg1 d5 37. Re3 Qg4+ 38. Kf1 Qd7 39. Re5 Rf5 40. Rdxd5
Qxd5 41. Rxd5 Rxd5 42. Ke2 b5 {White resigns} 0-1

[Event "Team 45 45 League T38"]
[Site "Internet Chess Club"]
[Date "2008.08.31"]
[Round "6"]
[White "nissehult"]
[Black "Elddir"]
[Result "1/2-1/2"]
[WhiteElo "2019"]
[BlackElo "2086"]
[Opening "Bogo-Indian defense, Nimzovich variation"]
[ECO "E11"]
[Time "15:00:07"]
[TimeControl "2700+45"]

1. d4 Nf6 2. c4 e6 3. Nf3 Bb4+ 4. Bd2 Qe7 5. Nc3 b6 6. e3 Bb7 7. Bd3 O-O 8. O-O
d5 9. a3 Bxc3 10. Bxc3 Nbd7 11. b4 dxc4 12. Bxc4 Ne4 13. Bb2 Rfd8 14. Qb3 Ndf6
15. Rfd1 a5 16. Rac1 axb4 17. Qxb4 Qxb4 18. axb4 Ra4 19. b5 Nd6 20. Bd3 Nd5 21.
Ne5 f6 22. Nc6 Bxc6 23. Rxc6 Rd7 24. Rdc1 Nb4 25. Bc4 Kf7 26. Bb3 Ra7 27. e4
Nxc6 28. Rxc6 Re7 29. e5 fxe5 30. d5 exd5 31. Bxd5+ Kf8 32. Rc3 g5 33. Rg3 h6
34. h4 Nf7 35. Ba3 Nd6 36. hxg5 hxg5 37. Rxg5 Ke8 38. Bb2 Nf7 39. Bc6+ Kf8 40.
Rg3 Nd6 41. Bd5 Ke8 42. Rg8+ Kd7 43. Rg6 Ra5 44. Bc6+ Kd8 45. Rg8+ Re8 46. Bxe8
Nxe8 {Game drawn by mutual agreement} 1/2-1/2

[Event "Team 45 45 League T38"]
[Site "Internet Chess Club"]
[Date "2008.08.31"]
[Round "6"]
[White "shakkiipe"]
[Black "primerpaso"]
[Result "1-0"]
[WhiteElo "1789"]
[BlackElo "1880"]
[Opening "Nimzo-Indian: classical, 4...c5"]
[ECO "E38"]
[Time "11:33:19"]
[TimeControl "2700+45"]

1. d4 Nf6 2. c4 e6 3. Nc3 Bb4 4. Qc2 c5 5. dxc5 Bxc5 6. Nf3 O-O 7. Bf4 a6 8. e3
Nc6 9. a3 Qe7 10. Bg5 h6 11. Bh4 g5 12. Bg3 d5 13. b4 Ba7 14. c5 e5 15. Be2 g4
16. Bh4 Be6 17. Nd2 Kg7 18. Bxg4 Rad8 19. Nde4 dxe4 20. Nxe4 Bxg4 21. Bxf6+ Qxf6
22. Nxf6 Kxf6 23. O-O Rg8 24. f4 e4 25. Rf2 Rd3 26. Qb2+ Kf5 27. Kf1 Rgd8 28.
Kg1 b6 29. b5 Na5 30. Qe5+ Kg6 31. f5+ Kh7 32. Qxe4 Bh5 33. g4 Bxg4 34. Rg2 Bh5
35. f6+ Bg6 36. Rxg6 Re8 37. Rg7+ {Black resigns} 1-0

[Event "Team 45 45 League T38"]
[Site "Internet Chess Club"]
[Date "2008.09.02"]
[Round "6"]
[White "mickeys"]
[Black "AntonioMendonca"]
[Result "1-0"]
[WhiteElo "1914"]
[BlackElo "1689"]
[Opening "King's Indian: Larsen variation"]
[ECO "E90"]
[Time "18:36:53"]
[TimeControl "2700+45"]

1. d4 Nf6 2. Nf3 g6 3. c4 Bg7 4. Nc3 O-O 5. e4 d6 6. Be3 e5 7. dxe5 dxe5 8. Be2
Ng4 9. Bc5 Qxd1+ 10. Rxd1 Re8 11. O-O c6 12. h3 Nd7 13. Ba3 Ngf6 14. Rd2 Bf8 15.
Bxf8 Nxf8 16. Rfd1 Bd7 17. Bd3 Rac8 18. Bc2 a6 19. c5 b5 20. cxb6 Rb8 21. Na4 c5
22. Nxc5 Rxb6 23. Nxd7 N8xd7 24. Ba4 Reb8 25. Bxd7 Nxe4 26. Re2 f5 27. Nxe5 Rxb2
28. Rxb2 Rxb2 29. Nd3 Rc2 30. Ba4 Rc8 31. Ne5 Rb8 32. Nc6 Rb2 33. f3 Nc3 34.
Bb3+ Kg7 35. Ra1 Kf6 36. Bc4 Kg5 37. a4 Kf4 38. Ra3 Nb1 39. Rb3 Rc2 40. Rxb1
Rxc4 41. Rb4 Rxb4 42. Nxb4 a5 43. Nc6 Ke3 44. Nxa5 Kd4 45. Nb3+ Kc4 46. a5 Kb5
47. Kf2 f4 48. Ke2 g5 49. Kd3 {Black resigns} 1-0

[Event "Team 45 45 League T38"]
[Site "Internet Chess Club"]
[Date "2008.08.31"]
[Round "6"]
[White "RedAttack"]
[Black "frothyjowels"]
[Result "1-0"]
[WhiteElo "2001"]
[BlackElo "2225"]
[Opening "Queen's pawn game"]
[ECO "A46"]
[Time "09:01:44"]
[TimeControl "2700+45"]

1. Nf3 Nf6 2. d4 d6 3. g3 Nc6 4. Bg2 Bf5 5. O-O Qd7 6. c3 e5 7. dxe5 dxe5 8. Qb3
Bd6 9. Qxb7 Rb8 10. Qa6 O-O 11. Nh4 Rb6 12. Qa4 Bh3 13. Nd2 Rfb8 14. Ne4 Nxe4
15. Qxe4 Ne7 16. Bxh3 Qxh3 17. b3 Qe6 18. Nf3 h6 19. Be3 f5 20. Qa4 c5 21. b4
Rb5 22. bxc5 Bxc5 23. Bxc5 Rxc5 24. Qxa7 Rbc8 25. a4 R5c7 26. Qe3 e4 27. Nd4 Qa6
28. Nb5 Rd7 29. Qf4 Qf6 30. Rfd1 Nd5 31. Qd2 f4 32. Qa2 Qf5 33. Rd4 Kh8 34. Qc2
Qf6 35. Rxe4 fxg3 36. hxg3 Rf8 37. e3 {Black resigns} 1-0

[Event "Team 45 45 League T38"]
[Site "Internet Chess Club"]
[Date "2008.08.30"]
[Round "6"]
[White "shakkimestari"]
[Black "cesaralexander"]
[Result "1/2-1/2"]
[WhiteElo "2084"]
[BlackElo "1864"]
[Opening "Scandinavian (center counter) defense"]
[ECO "B01"]
[Time "13:02:22"]
[TimeControl "2700+45"]

1. e4 d5 2. exd5 Qxd5 3. Nc3 Qa5 4. d4 Nf6 5. Nf3 c6 6. Ne5 Be6 7. Nc4 Qc7 8.
Qf3 Bg4 9. Qg3 Qxg3 10. hxg3 e6 11. Bd3 Nbd7 12. Bf4 O-O-O 13. f3 Bf5 14. Ne4
Nxe4 15. fxe4 Bg6 16. O-O-O Nb6 17. Nxb6+ axb6 18. c3 Bd6 19. Bxd6 Rxd6 20. e5
Rdd8 21. Bxg6 hxg6 22. Rhf1 Rdf8 23. Rf3 f5 24. Rdf1 b5 25. g4 Rh2 26. gxf5 gxf5
27. g4 g6 28. gxf5 gxf5 29. Rg1 Rf7 30. Rg8+ Kd7 31. Rb8 Kc7 32. Rg8 Rhh7 33.
Rg6 Kd7 34. Rfg3 Ke7 35. Kc2 Rh2+ 36. Kb3 Rh8 37. Kb4 b6 38. a3 Rh2 39. b3 Rh8
40. c4 bxc4 41. Kxc4 Rh1 42. Rg8 Rf8 43. R8g7+ Rf7 44. Rg8 Rf8 45. R8g7+ Rf7 46.
Rg8 {Game drawn by repetition} 1/2-1/2

[Event "Team 45 45 League T38"]
[Site "Internet Chess Club"]
[Date "2008.08.30"]
[Round "6"]
[White "cityprosecutor"]
[Black "Intelectual"]
[Result "1-0"]
[WhiteElo "1792"]
[BlackElo "1914"]
[Opening "Réti: King's Indian attack, French variation"]
[ECO "C00"]
[Time "07:08:37"]
[TimeControl "2700+45"]

1. e4 e6 2. d3 d5 3. Nd2 c5 4. g3 Nc6 5. Bg2 Nf6 6. Ngf3 Be7 7. O-O O-O 8. Re1
b5 9. e5 Nd7 10. Nf1 Qc7 11. Bf4 Bb7 12. h4 d4 13. N1h2 Nb6 14. Ng5 h6 15. Ne4
Nd5 16. Ng4 Nxf4 17. gxf4 Nb4 18. Qf3 Kh8 19. f5 exf5 20. Qxf5 Nxc2 21. Qh5 Qb6
22. Nef6 Bxf6 23. exf6 Bxg2 24. Nxh6 Bf3 25. Nxf7+ Kg8 26. Qh8+ {Black resigns}
1-0

[Event "Team 45 45 League T38"]
[Site "Internet Chess Club"]
[Date "2008.08.27"]
[Round "6"]
[White "thepawneater"]
[Black "frankd"]
[Result "1-0"]
[WhiteElo "1831"]
[BlackElo "1571"]
[Opening "Pirc defense"]
[ECO "B07"]
[Time "21:00:06"]
[TimeControl "2700+45"]

1. e4 d6 2. d4 Nf6 3. Nc3 g6 4. f3 c6 5. Be3 Bg7 6. Qd2 O-O 7. h4 h5 8. Be2 b5
9. Nh3 Bxh3 10. Rxh3 Nbd7 11. g4 e5 12. d5 cxd5 13. exd5 a6 14. g5 Ne8 15. Ne4
Nb6 16. O-O-O Rc8 17. Kb1 Nc4 18. Bxc4 Rxc4 19. Qd3 Qd7 20. Rh2 a5 21. Rf1 Nc7
22. b3 Rb8 23. Ka1 Rd4 24. Bxd4 exd4 25. Nf6+ Bxf6 26. gxf6 Nxd5 27. Qxd4 Qf5
28. Rd2 Nb4 29. Qxd6 Rc8 30. c3 Nc2+ 31. Kb2 Ne3 32. Re1 Qxf3 33. Qd3 Qxf6 34.
Qxe3 Qxh4 35. Rf2 b4 36. c4 a4 37. Ref1 a3+ 38. Kc2 Rxc4+ 39. bxc4 Qxc4+ 40. Kb1
f5 41. Rc1 Qf7 42. Rc8+ Kg7 43. Qe5+ {Black resigns} 1-0

[Event "Team 45 45 League T38"]
[Site "Internet Chess Club"]
[Date "2008.08.30"]
[Round "6"]
[White "RD1974"]
[Black "Kravier"]
[Result "1-0"]
[WhiteElo "1556"]
[BlackElo "1519"]
[Opening "Sicilian: closed"]
[ECO "B23"]
[Time "12:04:16"]
[TimeControl "2700+45"]

1. e4 c5 2. Nc3 e6 3. g3 a6 4. Bg2 Nc6 5. d3 g6 6. Be3 b6 7. Nf3 Bg7 8. Qd2 Nge7
9. Bh6 O-O 10. h4 Bxh6 11. Qxh6 f6 12. g4 Kh8 13. e5 Ra7 14. exf6 Rxf6 15. Ng5
Qg8 16. Nce4 Rf4 17. Nd6 Qg7 18. Qxg7+ Kxg7 19. Bxc6 dxc6 20. Nxc8 Nxc8 21.
Nxe6+ Kf6 22. Nxf4 Ke5 23. Ng2 Nd6 24. O-O-O Nb5 25. Rde1+ Kd6 26. c3 Rf7 27. f4
a5 28. Re4 Kd7 29. h5 Nd6 30. Re5 c4 31. hxg6 hxg6 32. Rh6 cxd3 33. Rxg6 Nc4 34.
Re4 b5 35. b3 Nb6 36. Rd4+ Kc7 37. Rxd3 Nd5 38. f5 Rh7 39. c4 Rh1+ 40. Kb2 bxc4
41. bxc4 Nb4 42. Rg3 Rf1 43. f6 Rf2+ 44. Kb3 c5 45. Rg7+ Kb6 46. a3 Nc2 47. Rd3
Rxf6 48. Kxc2 Rf2+ 49. Kb3 Kc6 50. Nh4 {Black resigns} 1-0

[Event "Team 45 45 League T38"]
[Site "Internet Chess Club"]
[Date "2008.08.30"]
[Round "6"]
[White "xlxe5"]
[Black "Aquaman"]
[Result "0-1"]
[WhiteElo "1284"]
[BlackElo "1367"]
[Opening "Queen's pawn game"]
[ECO "D04"]
[Time "15:03:07"]
[TimeControl "2700+45"]

1. d4 Nf6 2. Nf3 d5 3. e3 Bf5 4. Nbd2 c6 5. Be2 h6 6. Nb3 Nbd7 7. Bd3 Bxd3 8.
Qxd3 e6 9. Nbd2 Bd6 10. O-O O-O 11. e4 dxe4 12. Nxe4 Nxe4 13. Qxe4 Nf6 14. Qd3
Qc7 15. Re1 Rad8 16. c3 Ng4 17. g3 Nf6 18. Qc2 c5 19. Be3 Ng4 20. Rad1 Nxe3 21.
Rxe3 cxd4 22. Nxd4 Bc5 23. Red3 Qb6 24. Nb3 Be7 25. Rxd8 Rxd8 26. Rxd8+ Qxd8 27.
Qd2 Qb6 28. Qd4 Qa6 29. a3 b6 30. Kg2 Bf6 31. Qb4 Qb7+ 32. Kg1 Qd5 33. c4 Qe5
34. Qc3 Qxc3 35. bxc3 Bxc3 36. a4 a5 37. Kf1 Kf8 38. Ke2 Ke7 39. Kd3 Be1 40. f3
Kd6 41. Kd4 e5+ 42. Ke4 g6 43. g4 f6 44. h3 Bb4 45. Ke3 Ke6 46. Ke4 f5+ 47.
gxf5+ gxf5+ 48. Ke3 h5 49. Nc1 Kd6 50. Nd3 Bc5+ 51. Ke2 f4 52. Nb2 Ke6 53. Nd3
Kf5 54. Nxc5 bxc5 55. Kd3 h4 56. Kd2 e4 57. fxe4+ Kxe4 58. Ke2 f3+ 59. Kf2 Kf4
60. Kf1 Kg3 61. Kg1 Kxh3 62. Kf2 Kg4 63. Kf1 h3 64. Kg1 Kg3 65. Kh1 Kf2 66. Kh2
Ke1 67. Kg1 f2+ 68. Kh2 Ke2 69. Kh1 f1=Q+ 70. Kh2 Qg2# {White checkmated} 0-1

[Event "Team 45 45 League T38"]
[Site "Internet Chess Club"]
[Date "2008.08.29"]
[Round "6"]
[White "Avedldesierto"]
[Black "vkpanch"]
[Result "0-1"]
[WhiteElo "1794"]
[BlackElo "1738"]
[Opening "Benkö gambit accepted"]
[ECO "A58"]
[Time "19:40:34"]
[TimeControl "2700+45"]

1. d4 Nf6 2. c4 c5 3. d5 b5 4. cxb5 a6 5. bxa6 Bxa6 6. Nc3 d6 7. Bf4 Nbd7 8. e3
Bxf1 9. Kxf1 g6 10. Nf3 Bg7 11. Qc2 O-O 12. a3 Qa5 13. Ke2 Nb6 14. e4 Na4 15. b4
Qa6+ 16. b5 Qa5 17. Nxa4 Qxb5+ 18. Qd3 Qxd3+ 19. Kxd3 Rxa4 20. Ra2 Nxe4 21. Bc1
Nc3 22. Rc2 Nxd5 23. g3 Rfa8 24. Re1 Kf8 25. Rc4 Nc7 26. Ng5 f6 27. Ne4 Rxc4 28.
Kxc4 d5+ 29. Kxc5 dxe4 30. Rxe4 Rc8 31. Re1 f5 32. a4 Ne6+ 33. Kd5 Kf7 34. Be3
Bh6 35. Bxh6 Rc5# {White checkmated} 0-1

as this game wasn't scheduled by the Tuesday 2200 deadline (as the Statutes require), I (dTD) will make a ruling here. I can't find any reason to charge either player with 'greater blame' in not getting this scheduled - they both made offers and were communicating. Therefore, I rule this a set-game draw, with no RR deductions for either player. Sorry you guys couldn't get this scheduled....

[Event "Team 45 45 League T38"]
[Site "Internet Chess Club"]
[Date "2008.09.03"]
[Round "6"]
[White "arriero55"]
[Black "Caminator"]
[Result "0-1"]
[WhiteElo "1445"]
[BlackElo "1436"]
[Opening "Ruy Lopez: Marshall, main line, 14...Qh3"]
[ECO "C89"]
[Time "19:00:28"]
[TimeControl "2700+45"]

1. e4 e5 2. Nf3 Nc6 3. Bb5 a6 4. Ba4 Nf6 5. O-O b5 6. Bb3 Be7 7. Re1 O-O 8. c3
d5 9. exd5 Nxd5 10. Nxe5 Nxe5 11. Rxe5 c6 12. d4 Bd6 13. Re1 Qh4 14. g3 Qh3 15.
Qf3 Bg4 16. Qg2 Qh5 17. Bxd5 cxd5 18. Be3 Rfe8 19. Nd2 Re7 20. f3 Bh3 21. Qf2
Rae8 22. Nb3 Re6 23. Bd2 Rxe1+ 24. Rxe1 Rxe1+ 25. Bxe1 Qf5 26. Qe3 h6 27. Qf2
Qb1 28. a3 Qa2 29. Na5 Bc8 30. Qe2 Be6 31. Nc6 Bxa3 32. Nd8 Qxb2 33. Qxb2 Bxb2
34. Kf2 a5 35. Ke2 Bf5 36. g4 Bh7 37. Nc6 a4 38. Nb4 Ba3 39. Nxd5 Bd6 40. h3 a3
41. Nb4 Bb1 42. c4 bxc4 43. Bc3 a2 44. Nc6 Kf8 45. Na5 Bb4 {White resigns} 0-1

[Event "Team 45 45 League T38"]
[Site "Internet Chess Club"]
[Date "2008.08.30"]
[Round "6"]
[White "soccerisfun"]
[Black "Tomate"]
[Result "1-0"]
[WhiteElo "1329"]
[BlackElo "1457"]
[Opening "Sicilian: dragon, Yugoslav attack, 10.O-O-O"]
[ECO "B78"]
[Time "15:30:10"]
[TimeControl "2700+45"]

1. e4 c5 2. Nf3 d6 3. d4 cxd4 4. Nxd4 Nf6 5. Nc3 g6 6. Bc4 Bg7 7. Be3 Nc6 8. Qd2
O-O 9. f3 Bd7 10. O-O-O a6 11. Nde2 b5 12. Bb3 Rc8 13. Rdg1 Na5 14. g4 Nxb3+ 15.
axb3 Bc6 16. Bh6 Qa5 17. Kb1 Qc7 18. Bxg7 Kxg7 19. h4 h5 20. gxh5 Nxh5 21. Nf4
Nxf4 22. Qxf4 f6 23. h5 g5 24. Rh2 Kh6 25. Qf5 Be8 26. Nd5 Qa7 27. Rg3 Bf7 28.
f4 Rg8 29. fxg5+ Rxg5 30. Rxg5 Rg8 31. Rxg8 Bxg8 32. Qg6# {Black checkmated} 1-0

[Event "Team 45 45 League T38"]
[Site "Internet Chess Club"]
[Date "2008.08.30"]
[Round "6"]
[White "primerpaso"]
[Black "PandorasBox"]
[Result "0-1"]
[WhiteElo "1902"]
[BlackElo "2156"]
[Opening "English: Caro-Kann defensive system"]
[ECO "D13"]
[Time "17:04:42"]
[TimeControl "2700+45"]

1. c4 c6 2. Nc3 d5 3. cxd5 cxd5 4. d4 Nf6 5. Nf3 Nc6 6. Bf4 Qb6 7. Na4 Qb4+ 8.
Bd2 Qd6 9. e3 Ne4 10. Rc1 Bg4 11. Qb3 Rb8 12. Nc5 Nxc5 13. dxc5 Qd8 14. Qa4 Bxf3
15. gxf3 e6 16. Bb5 Qd7 17. Rg1 a6 18. Be2 d4 19. f4 g6 20. exd4 Qxd4 21. Qxd4
Nxd4 22. Be3 Bg7 23. Bxd4 Bxd4 24. Bf3 Bxb2 25. Rb1 Ba3 26. Rxb7 Rxb7 27. Bxb7
Bxc5 28. Bxa6 Ke7 29. Rg3 Ra8 30. Bc4 Ra4 31. Bb3 Rxf4 32. f3 Rh4 33. Kd2 Rxh2+
34. Kc3 f5 35. a4 e5 36. f4 exf4 37. Rd3 Re2 38. Kc4 Re3 39. Rd5 Bd6 40. Rb5 f3
41. Rb7+ Kf6 42. Rb6 Ke5 {White resigns} 0-1

[Event "Team 45 45 League T38"]
[Site "Internet Chess Club"]
[Date "2008.09.01"]
[Round "6"]
[White "touchthis"]
[Black "frankd"]
[Result "0-1"]
[WhiteElo "1744"]
[BlackElo "1587"]
[Opening "Pirc: Austrian attack, dragon formation"]
[ECO "B09"]
[Time "23:32:21"]
[TimeControl "2700+45"]

1. e4 d6 2. d4 Nf6 3. Nc3 g6 4. f4 Bg7 5. Nf3 c5 6. Bb5+ Bd7 7. e5 Ng4 8. e6
fxe6 9. Ng5 Bxb5 10. Nxe6 Bxd4 11. Nxb5 Qa5+ 12. Qd2 Bf2+ 13. Kd1 Ne3+ 14. Ke2
Qxb5+ 15. Kxf2 Ng4+ 16. Kg3 Kd7 17. Kxg4 Kxe6 18. Re1+ Kd7 19. Qd5 Nc6 20. Qe6+
Kc7 21. b3 Rae8 22. Bb2 Nd4 23. Bxd4 cxd4 24. Rad1 Rhf8 25. Rxd4 Qh5+ 26. Kg3 g5
27. Rc4+ Kb8 28. fxg5 Qxg5+ 29. Rg4 Qc5 30. Re2 Rf6 31. Qe4 h5 32. Rg7 h4+ 33.
Kh3 Qc8+ 34. g4 hxg3+ 35. Kg2 gxh2 36. Kxh2 Rh6+ 37. Kg1 Reh8 38. Rxe7 Qc5+ 39.
Re3 Rg8+ 40. Kf2 Rh2+ 41. Kf3 Qh5+ 42. Kf4 Qg4# {White checkmated} 0-1

[Event "Team 45 45 League T38"]
[Site "Internet Chess Club"]
[Date "2008.08.28"]
[Round "6"]
[White "tryanything"]
[Black "crazynights"]
[Result "1-0"]
[WhiteElo "1690"]
[BlackElo "1467"]
[Opening "Two knights defense"]
[ECO "C55"]
[Time "17:51:50"]
[TimeControl "2700+45"]

1. e4 e5 2. Nf3 Nc6 3. Bc4 Nf6 4. d4 exd4 5. O-O Be7 6. e5 Ne4 7. Re1 d5 8. exd6
Nxd6 9. Bb3 O-O 10. Nxd4 Nxd4 11. Qxd4 Bf6 12. Qf4 Re8 13. Rd1 Qe7 14. h3 Qe2
15. Qd2 Bf5 16. Nc3 Bxc3 17. bxc3 b5 18. Ba3 Qxd2 19. Rxd2 Ne4 20. Rd5 Be6 21.
Rxb5 Nxc3 22. Rc5 Ne2+ 23. Kf1 Rac8 24. Re1 Nd4 25. Bxe6 Nxe6 26. Rce5 Red8 27.
f4 h6 28. f5 Nd4 29. Bc5 Nc6 30. R5e3 a6 31. g4 Nb8 32. R1e2 Nd7 33. Be7 Re8 34.
Bc5 Rxe3 35. Bxe3 Re8 36. Bf4 Rxe2 37. Kxe2 c6 38. Kd3 f6 39. Kc4 Kf7 40. Bd6 g6
41. Kb4 gxf5 42. gxf5 Ne5 43. Kc5 h5 44. Kb6 Ke8 45. Kxa6 Kd7 46. Bc5 Nc4 47. a4
Kc7 48. Be7 Ne3 49. Bxf6 Nxf5 50. c4 Ne3 51. c5 Nd5 52. Be5+ Kc8 53. a5 Nc7+ 54.
Kb6 Kd7 55. Bxc7 {Black resigns} 1-0

[Event "Team 45 45 League T38"]
[Site "Internet Chess Club"]
[Date "2008.09.01"]
[Round "6"]
[White "yellowpebble"]
[Black "clarinetref"]
[Result "0-1"]
[WhiteElo "1508"]
[BlackElo "1708"]
[Opening "King's pawn opening"]
[ECO "B07"]
[Time "20:09:40"]
[TimeControl "2700+45"]

1. e4 d6 2. f4 g6 3. d4 Bg7 4. Be3 Nf6 5. e5 Ng4 6. Bd2 c5 7. h3 Nh6 8. c3 cxd4
9. cxd4 Nf5 10. Bc3 e6 11. Nf3 Qb6 12. Nbd2 Ne3 13. Qc1 dxe5 14. fxe5 O-O 15.
Nc4 Nxc4 16. Bxc4 Qc6 17. Bb3 Qe4+ 18. Kf2 b6 19. Re1 Qb7 20. Qg5 Nc6 21. Qh4
Qe7 22. Qxe7 Nxe7 23. Bb4 Re8 24. Ba4 Nd5 25. Bxe8 Nxb4 26. Ba4 Nd3+ 27. Ke2
Nxe1 28. Rxe1 Ba6+ 29. Kd2 Bh6+ 30. Kd1 Rc8 31. Bb3 Rc1# {White checkmated} 0-1

[Event "Team 45 45 League T38"]
[Site "Internet Chess Club"]
[Date "2008.08.30"]
[Round "6"]
[White "lele"]
[Black "chess9793"]
[Result "1-0"]
[WhiteElo "1968"]
[BlackElo "1780"]
[Opening "QGD Slav: 4.Nc3"]
[ECO "D15"]
[Time "15:30:21"]
[TimeControl "2700+45"]

1. d4 d5 2. Nf3 Nf6 3. c4 c6 4. Nc3 Bf5 5. Bg5 e6 6. e3 Nbd7 7. Qb3 Qb6 8. Qxb6
axb6 9. Be2 Bb4 10. O-O O-O 11. Nh4 Bg4 12. f3 Bh5 13. g4 Bg6 14. Nxg6 fxg6 15.
Kg2 h6 16. Bf4 c5 17. a3 Ba5 18. Nb5 Ne8 19. b4 cxd4 20. bxa5 e5 21. Bg3 bxa5
22. exd4 exd4 23. Nxd4 dxc4 24. Bxc4+ Kh7 25. Ne6 Rf6 26. Rad1 Nb6 27. Ba2 Kh8
28. Bf2 Na4 29. Bd4 Rf7 30. Nc5 Rc7 31. Nxa4 Rc2+ 32. Rf2 {Black resigns} 1-0

[Event "Team 45 45 League T38"]
[Site "Internet Chess Club"]
[Date "2008.08.30"]
[Round "6"]
[White "tourettes"]
[Black "charles-allen"]
[Result "0-1"]
[WhiteElo "1687"]
[BlackElo "1875"]
[Opening "Scandinavian defense"]
[ECO "B01"]
[Time "14:01:45"]
[TimeControl "2700+45"]

1. e4 d5 2. exd5 Nf6 3. Bb5+ Bd7 4. Bc4 Bg4 5. Nf3 Nxd5 6. Nc3 e6 7. O-O Be7 8.
h3 Bh5 9. d4 O-O 10. a3 Nxc3 11. bxc3 Nd7 12. Bf4 Bd6 13. Be3 Nb6 14. Bd3 Qe7
15. a4 Rac8 16. Bxh7+ Kxh7 17. Ng5+ Qxg5 18. g4 Bxg4 19. hxg4 Qh4 20. Qf3 Qh2#
{White checkmated} 0-1

[Event "Team 45 45 League T38"]
[Site "Internet Chess Club"]
[Date "2008.08.31"]
[Round "6"]
[White "jazzyrick"]
[Black "JABalin"]
[Result "1-0"]
[WhiteElo "1530"]
[BlackElo "1631"]
[Opening "Sicilian defense"]
[ECO "B34"]
[Time "19:18:53"]
[TimeControl "2700+45"]

1. e4 c5 2. Nf3 Nc6 3. d4 cxd4 4. Nxd4 g6 5. Be3 Bg7 6. Be2 Nf6 7. f3 O-O 8. g4
d6 9. g5 Nd7 10. h4 Nde5 11. f4 Nxd4 12. Bxd4 Nc6 13. Bxg7 Kxg7 14. h5 Qa5+ 15.
c3 Rd8 16. h6+ Kg8 17. b4 Qb6 18. Qd3 e6 19. a4 a6 20. Na3 d5 21. b5 Ne7 22.
bxa6 bxa6 23. Rd1 Bb7 24. Rb1 Qc7 25. Rxb7 Qxb7 26. Qd4 f6 27. Qxf6 Nc6 28.
Qxe6+ Qf7 29. Qxc6 Qxf4 30. Qe6+ Qf7 31. Qxf7+ Kxf7 32. Rf1+ Ke7 33. exd5 Rxd5
34. Bc4 Rxg5 35. Rf7+ Kd6 36. Rxh7 Rh5 37. Bf7 Ra7 38. Bxg6 Rxh7 39. Bxh5 Rxh6
40. Be2 Kc5 41. Kd2 a5 42. Bb5 Rh2+ 43. Kc1 Rh1+ 44. Kb2 Rh2+ 45. Kb3 Rh8 46.
Nb1 Rh2 47. c4 Rh3+ 48. Kc2 Kb4 49. Nd2 Rh2 50. Kd3 Rh3+ 51. Kd4 Rh4+ 52. Ne4
Rg4 53. Kd5 Rg8 54. c5 Rd8+ 55. Nd6 Rg8 56. c6 Rg5+ 57. Ke6 Rc5 58. Kd7 {Black
resigns} 1-0

[Event "Team 45 45 League T38"]
[Site "Internet Chess Club"]
[Date "2008.08.30"]
[Round "6"]
[White "Mustard"]
[Black "predkoo"]
[Result "1-0"]
[WhiteElo "1819"]
[BlackElo "1773"]
[Opening "Sicilian: closed"]
[ECO "B23"]
[Time "10:00:13"]
[TimeControl "2700+45"]

1. e4 c5 2. Nc3 d6 3. Bc4 g6 4. f4 Bg7 5. Nf3 Nc6 6. O-O Bg4 7. Bxf7+ Kd7 8. Ne2
Nd4 9. Nexd4 Bxd4+ 10. Kh1 Nf6 11. c3 Qf8 12. Bb3 Qh6 13. cxd4 Nxe4 14. Ne5+
dxe5 15. Qxg4+ Kc7 16. d3 {Black resigns} 1-0

[Event "Team 45 45 League T38"]
[Site "Internet Chess Club"]
[Date "2008.08.30"]
[Round "6"]
[White "hansolo1000"]
[Black "Archdruid"]
[Result "0-1"]
[WhiteElo "1738"]
[BlackElo "1796"]
[Opening "Benkö gambit"]
[ECO "A57"]
[Time "21:01:53"]
[TimeControl "2700+45"]

1. d4 Nf6 2. c4 c5 3. d5 b5 4. Nf3 bxc4 5. Nc3 Bb7 6. e4 d6 7. Bxc4 g6 8. e5
Nfd7 9. exd6 exd6 10. O-O Be7 11. Bh6 Nf6 12. Re1 Ng4 13. Qd2 f6 14. Bg7 Rg8 15.
Bxf6 Nxf6 16. Rxe7+ Kxe7 17. Qe3+ Kd7 18. Qe6+ Kc7 19. Nb5+ Kb6 20. Nxd6 Bc6 21.
dxc6 Nxc6 22. Re1 Rf8 23. a4 Qd7 24. Qxd7 Nxd7 {White resigns} 0-1